 Dungeon Crawl Stone Soup version 0.20-a0-854-g0cc194a (webtiles) character file.

50867 nikopol the Eclecticist (level 14, 0/68 HPs)
             Began as a Deep Elf Fire Elementalist on Mar 10, 2017.
             Was a High Priest of Vehumet.
             Engulfed by a cloud of freezing vapour (21 damage)
             ... on level 6 of the Lair of Beasts on Mar 11, 2017.
             The game lasted 02:21:47 (24439 turns).

nikopol the Eclecticist (DEFE)                     Turns: 24439, Time: 02:21:48

Health: 0/68       AC: 12    Str:  3    XL:     14   Next: 21%
Magic:  31/45      EV: 20    Int: 31    God:    Vehumet [*****.]
Gold:   835        SH:  0    Dex: 15    Spells: 24/45 levels left

rFire    . . .     SeeInvis .   H - staff of conjuration
rCold    . . .     Gourm    .   I - +2 robe of Detozoha {Int+5}
rNeg     . . .     Faith    .   (no shield)
rPois    .         Spirit   .   L - +2 hat
rElec    +         Reflect  .   D - +0 cloak of Rogy {rElec MP+9 Str-2}
rCorr    .         Harm     .   (no gloves)
MR       +....                  (no boots)
Stlth    ++........             S - amulet of magic regeneration
Regen    0.3/turn               s - +5 ring of protection
MPRegen  0.5/turn               w - ring of wizardry

@: no status effects
A: no striking features
a: Renounce Religion


You were on level 6 of the Lair of Beasts.
You worshipped Vehumet.
Vehumet was extremely pleased with you.
You were near starving.

You visited 2 branches of the dungeon, and saw 17 of its levels.
You also visited: Ossuary.

You collected 835 gold pieces.

Inventory:

Hand Weapons
 l - a +2 short sword of draining
Missiles
 J - 365 stones (quivered)
Armour
 v - a +0 helmet
 x - a +0 cloak
 D - the +0 cloak of Rogy (worn) {rElec MP+9 Str-2}
   (You acquired it on level 3 of the Lair of Beasts)

   It affects your strength (-2).
   It insulates you from electricity.
   It affects your magic capacity (+9).
 I - the +2 robe of Detozoha (worn) {Int+5}
   (You took it off an orc on level 8 of the Dungeon)

   It affects your intelligence (+5).
 L - a +2 hat (worn)
Magical Staves
 E - an uncursed staff of power
 H - an uncursed staff of conjuration (weapon)
 O - an uncursed staff of air
Jewellery
 s - a +5 ring of protection (right hand)
 w - a ring of wizardry (left hand)
 B - an uncursed ring of positive energy
 K - an uncursed ring of see invisible
 Q - an uncursed ring of protection from fire
 S - an amulet of magic regeneration (around neck)
 T - an uncursed amulet of the gourmand
 U - a +3 ring of protection
Wands
 k - a wand of flame (16/48)
 t - a wand of digging (11/24)
 C - a wand of scattershot (5/9)
 V - a wand of lightning (5/15)
 X - a wand of confusion (34/48)
Scrolls
 a - 2 scrolls of enchant armour
 g - 3 scrolls of fog
 i - 2 scrolls of fear
 m - 10 scrolls of teleportation
 p - 3 scrolls of amnesia
 q - 3 scrolls of recharging
 y - 2 scrolls of identify
 G - 3 scrolls of enchant weapon
 N - a scroll of blinking
 P - 6 scrolls of remove curse
Potions
 d - 2 potions of berserk rage
 e - a potion of resistance
 h - 5 potions of curing
 j - 4 potions of lignification
 n - 3 potions of heal wounds
 u - 4 potions of haste
 A - a potion of magic
 F - 6 potions of cancellation
 M - 5 potions of brilliance
Books
 b - a book of Flames

   Spells                             Type                      Level
   a - Flame Tongue                   Conjuration/Fire             1
   b - Throw Flame                    Conjuration/Fire             2
   c - Conjure Flame                  Conjuration/Fire             3
   d - Inner Flame                    Hexes/Fire                   3
   e - Sticky Flame                   Conjuration/Fire             4
   f - Fireball                       Conjuration/Fire             5
 R - a book of Necromancy

   Spells                             Type                      Level
   a - Pain                           Necromancy                   1
   b - Animate Skeleton               Necromancy                   1
   c - Vampiric Draining              Necromancy                   3
   d - Regeneration                   Charms/Necromancy            3
   e - Animate Dead                   Necromancy                   4
   f - Control Undead                 Necromancy                   4
 W - a book of Clouds

   Spells                             Type                      Level
   a - Poisonous Vapours              Poison/Air                   2
   b - Mephitic Cloud                 Conjuration/Poison/Air       3
   c - Conjure Flame                  Conjuration/Fire             3
   d - Freezing Cloud                 Conjuration/Ice/Air          6
   e - Ring of Flames                 Charms/Fire                  7
Comestibles
 c - 14 bread rations
 f - 10 royal jellies
 o - 8 meat rations
 r - a fruit


   Skills:
 + Level 11.3 Dodging
 - Level 2.4 Stealth
 * Level 16.2 Spellcasting
 * Level 13.7 Conjurations
 * Level 13.8 Fire Magic
 + Level 1.2 Ice Magic
 + Level 7.9 Evocations


You had 24 spell levels left.
You knew the following spells:

 Your Spells              Type           Power        Failure   Level  Hunger
a - Flame Tongue          Conj/Fire      #####        0%          1    None
b - Throw Flame           Conj/Fire      ######       0%          2    None
c - Conjure Flame         Conj/Fire      ########     1%          3    None
d - Fireball              Conj/Fire      ########..   1%          5    None
e - Sandblast             Erth           ####..       1%          1    None
f - Ignite Poison         Fire/Tmut/Pois ######..     1%          3    None
g - Freezing Cloud        Conj/Ice/Air   ######....   4%          6    ##.....


Dungeon Overview and Level Annotations

Branches:
Dungeon (11/15)            Temple (0/1) D:5            Lair (6/6) D:10
  Swamp (0/4) Lair:3        Snake (0/4) Lair:3        Slime (0/5) Lair:6
    Orc: D:9-12

Altars:
Ashenzari
Dithmenos
Fedhas
Gozag
Makhleb
Nemelex Xobeh
Qazlal
Sif Muna
Vehumet
Xom
Jiyva

Shops:
D:10 =!=

Portals:
Hell: Lair:6


Message History

You feel a surge of power!
The flame tongue hits the water moccasin.
The water moccasin is moderately wounded.
You are engulfed in freezing vapours.
The plant is engulfed in freezing vapours.
The hell hound is engulfed in freezing vapours.
The hell hound barely misses you. The water moccasin closely misses you.
The hell hound is engulfed in freezing vapours.
You kill the hell hound!
Vehumet accepts your kill.
Casting: Flame Tongue
Confirm with . or Enter, or press ? or * to list all spells.
Aiming: Flame Tongue
Press: ? - help, Shift-Dir - straight line, f/p - water moccasin
Aim: a water moccasin (moderately wounded)
You feel a surge of power!
The flame tongue hits the water moccasin.
The water moccasin is almost dead.
You are engulfed in freezing vapours.
You die...

###....................
#.#....#..#....<÷.##...
#......#.#....†....#..
#.....................
##....§§§..#.....#..#..
#...§§§§§......##.##.#)
#P..§§§§P.P....#######.
###.§§§...#.....##.##..
#...@S#.........####.
#P...#######P...P###.
####..## ##.#.###..
##......### #####.####.
#.........###.###.##.#.
#.##.P..#...#.P......#.
####...#...............
##..##.......PP...P.
#...........P....##.


You could see a water moccasin.

Vanquished Creatures
  Rupert (Lair:5)
  Gastronok (D:11)
  Josephine (Lair:5)
  Harold (Lair:1)
  8 hydras
  A hell beast (Lair:6)
  4 two-headed ogres
  A wizard (Lair:6)
  An ugly thing (D:11)
  6 black mambas
  2 orange demons (Lair:6)
  14 elephants
  15 spiny frogs
  7 komodo dragons
  7 rime drakes
  A hellwing (Lair:6)
  An ice devil (Lair:6)
  A red devil (Lair:6)
  A polar bear (Lair:5)
  4 blink frogs (Lair:4)
  7 hippogriffs
  3 wraiths (Lair:5)
  A wyvern (D:10)
  Sigmund (D:6)
  44 yaks
  A human (D:7)
  4 hogs (D:7)
  A basilisk (Lair:6)
  A steam dragon (D:8)
  3 insubstantial wisps (Lair:3)
  3 wargs (D:10)
  15 water moccasins
  9 porcupines
  4 hell hounds (Lair:6)
  4 orc warriors
  2 swamp drakes (Lair:3)
  5 ice beasts
  A black bear (D:9)
  10 ogres
  A centaur (D:9)
  11 crocodiles
  A big kobold (D:8)
  16 bullfrogs
  2 water moccasin zombies (Ossuary)
  A wyvern zombie (D:8)
  2 wyvern skeletons
  2 scorpions
  A water moccasin skeleton (D:9)
  14 killer bees
  An electric eel (Lair:3)
  6 howler monkeys
  3 centaur zombies
  3 crimson imps
  A bullfrog zombie (D:8)
  A centaur skeleton (D:7)
  5 hounds
  3 jellies
  4 orc priests
  Crazy Yiuf (D:3)
  2 iguanas (Lair:3)
  5 orc wizards
  4 worker ants
  A big kobold zombie (Ossuary)
  A hound zombie (D:9)
  2 mummies (Ossuary)
  4 worker ant zombies
  A howler monkey skeleton (D:9)
  A howler monkey zombie (D:5)
  9 adders
  An ooze (D:4)
  An adder skeleton (D:4)
  A worm (D:2)
  3 dart slugs
  6 leopard geckos
  41 orcs
  8 bats
  4 giant cockroaches
  2 gnoll zombies (Ossuary)
  5 goblins
  6 hobgoblins
  13 jackals
  5 quokkas
  2 ball pythons (D:1)
  6 frilled lizards
  4 hobgoblin zombies (Ossuary)
  21 kobolds
  6 kobold zombies (Ossuary)
  3 orc zombies (Ossuary)
  A quokka skeleton (D:4)
  A quokka zombie (D:6)
  11 rats
  5 fungi
  3 plants
465 creatures vanquished.

Vanquished Creatures (others)
  13 fungi
  15 plants
28 creatures vanquished.

Grand Total: 493 creatures vanquished

Notes
Turn   | Place    | Note
-------+----------+-------------------------------------------
     0 | D:1      | nikopol the Deep Elf Fire Elementalist began the quest for the Orb.
     0 | D:1      | Reached XP level 1. HP: 10/10 MP: 6/6
   109 | D:1      | Reached XP level 2. HP: 15/15 MP: 1/8
   113 | D:1      | Learned a level 2 spell: Throw Flame
   535 | D:1      | You fall through a shaft!
   541 | D:2      | Reached XP level 3. HP: 16/19 MP: 6/10
   719 | D:2      | Found a stormy altar of Qazlal.
   809 | D:1      | Reached skill level 4 in Spellcasting
  1218 | D:2      | Reached XP level 4. HP: 21/24 MP: 9/12
  1645 | D:3      | Learned a level 3 spell: Conjure Flame
  1765 | D:3      | Found a sparkling altar of Nemelex Xobeh.
  2438 | D:3      | Found a runed door.
  2442 | D:3      | Noticed Crazy Yiuf
  2452 | D:3      | Killed Crazy Yiuf
  2452 | D:3      | Reached XP level 5. HP: 28/28 MP: 1/13
  2459 | D:3      | Learned a level 5 spell: Fireball
  3707 | D:4      | Noticed an ogre
  3719 | D:4      | Killed an ogre
  3719 | D:4      | Reached XP level 6. HP: 32/32 MP: 4/15
  4197 | D:5      | Entered Level 5 of the Dungeon
  4210 | D:5      | Reached skill level 5 in Spellcasting
  4745 | D:5      | Found a radiant altar of Vehumet.
  4748 | D:5      | Found a blossoming altar of Fedhas.
  4752 | D:5      | Became a worshipper of Vehumet
  4881 | D:5      | Found an opulent altar of Gozag.
  4932 | D:5      | Reached skill level 5 in Fire Magic
  5040 | D:5      | Found a staircase to the Ecumenical Temple.
  5094 | D:5      | Noticed an ice beast
  5102 | D:5      | Killed an ice beast
  5538 | D:5      | Reached skill level 5 in Dodging
  5538 | D:5      | Reached XP level 7. HP: 29/36 MP: 7/17
  5641 | D:6      | Found a burning altar of Makhleb.
  5669 | D:6      | Reached skill level 6 in Spellcasting
  5687 | D:6      | Found a shimmering altar of Xom.
  5806 | D:6      | Noticed Sigmund
  6407 | D:6      | Killed Sigmund
  6794 | D:6      | Reached skill level 5 in Conjurations
  6805 | D:6      | Reached XP level 8. HP: 25/41 MP: 14/20
  6946 | D:6      | Reached skill level 7 in Spellcasting
  7107 | D:6      | Found a shadowy altar of Dithmenos.
  7386 | D:7      | Found a sand-covered staircase.
  7407 | Ossuary  | Entered an ossuary
  7457 | Ossuary  | Reached * piety under Vehumet
  7457 | Ossuary  | Offered knowledge of Freeze by Vehumet.
  7977 | D:7      | Found a shattered altar of Ashenzari.
  8084 | D:7      | Reached skill level 8 in Spellcasting
  8352 | D:7      | Reached XP level 9. HP: 45/45 MP: 22/23
  8360 | D:7      | Reached skill level 9 in Spellcasting
  8688 | D:8      | Reached ** piety under Vehumet
  8688 | D:8      | Offered knowledge of Sandblast by Vehumet.
  8947 | D:8      | Learned a level 1 spell: Sandblast
  8998 | D:8      | Got a crude robe
  9033 | D:8      | Reached skill level 10 in Spellcasting
  9344 | D:8      | Identified the +2 robe of Detozoha {Int+5} (You took it off an orc on level 8 of the Dungeon)
  9442 | D:8      | Found a deep blue altar of Sif Muna.
  9828 | D:9      | Reached XP level 10. HP: 50/50 MP: 21/26
  9938 | D:9      | Offered knowledge of Ignite Poison by Vehumet.
  9943 | D:9      | Learned a level 3 spell: Ignite Poison
  9952 | D:9      | Reached skill level 1 in Evocations
 10149 | D:9      | Reached *** piety under Vehumet
 10464 | D:9      | Offered knowledge of Iskenderun's Mystic Blast by Vehumet.
 10587 | D:9      | Reached skill level 11 in Spellcasting
 11389 | D:10     | Entered Level 10 of the Dungeon
 11417 | D:10     | Noticed a two-headed ogre
 11436 | D:10     | Killed a two-headed ogre
 11436 | D:10     | Reached skill level 10 in Fire Magic
 11598 | D:10     | Found a staircase to the Lair.
 11910 | D:10     | Found Zozuybb's Jewellery Emporium.
 12093 | D:10     | Found Doinaome's Distillery.
 12096 | D:10     | Found Vilupica's Jewellery Boutique.
 12574 | D:11     | Reached XP level 11. HP: 54/54 MP: 19/28
 12597 | D:11     | Reached **** piety under Vehumet
 12613 | D:11     | Noticed a two-headed ogre
 12613 | D:11     | Offered knowledge of Lee's Rapid Deconstruction by Vehumet.
 12622 | D:11     | Killed a two-headed ogre
 12746 | D:11     | Noticed a two-headed ogre
 12768 | D:11     | Killed a two-headed ogre
 12768 | D:11     | Reached skill level 12 in Spellcasting
 12768 | D:11     | Reached skill level 10 in Conjurations
 12929 | D:11     | Noticed a green ugly thing
 12965 | D:11     | Killed a green ugly thing
 12968 | D:11     | HP: 1/54 [poisoned by a green ugly thing]
 13353 | D:11     | Noticed a two-headed ogre
 13431 | D:11     | Killed a two-headed ogre
 13513 | D:11     | Noticed Gastronok
 13549 | D:11     | Killed Gastronok
 14157 | Lair:1   | Entered Level 1 of the Lair of Beasts
 14254 | Lair:1   | Reached skill level 13 in Spellcasting
 14648 | Lair:1   | Reached XP level 12. HP: 59/59 MP: 18/31
 14844 | Lair:1   | Noticed Harold
 14855 | Lair:1   | Killed Harold
 14855 | Lair:1   | Reached skill level 5 in Evocations
 15480 | Lair:1   | Noticed a four-headed hydra
 15491 | Lair:1   | Killed a four-headed hydra
 17161 | Lair:3   | Reached skill level 14 in Spellcasting
 17373 | Lair:3   | Found a staircase to the Swamp.
 17509 | Lair:3   | Reached skill level 10 in Dodging
 17553 | Lair:3   | Noticed a four-headed hydra
 17557 | Lair:3   | Killed a four-headed hydra
 17610 | Lair:3   | Identified a scroll of acquirement
 17611 | Lair:3   | Got an encrusted cloak
 17622 | Lair:3   | Identified the +0 cloak of Rogy {rElec MP+9 Str-2} (You acquired it on level 3 of the Lair of Beasts)
 17960 | Lair:3   | Upgraded the game from 0.20-a0-850-ge5a7832 to 0.20-a0-854-g0cc194a
 18000 | Lair:2   | Reached ***** piety under Vehumet
 18000 | Lair:2   | Offered knowledge of Ozocubu's Refrigeration by Vehumet.
 18354 | Lair:3   | Found a staircase to the Snake Pit.
 18402 | Lair:3   | Reached XP level 13. HP: 54/63 MP: 18/33
 19930 | Lair:4   | Reached skill level 15 in Spellcasting
 20627 | Lair:5   | Noticed Rupert
 20632 | Lair:5   | Paralysed by Rupert for 3 turns
 20647 | Lair:5   | Killed Rupert
 20902 | Lair:5   | Noticed Josephine
 20907 | Lair:5   | Killed Josephine
 21805 | Lair:6   | Entered Level 6 of the Lair of Beasts
 22104 | Lair:6   | Found a viscous altar of Jiyva.
 22104 | Lair:6   | Found a staircase to the Slime Pits.
 23302 | Lair:6   | Reached skill level 16 in Spellcasting
 23331 | Lair:6   | Reached XP level 14. HP: 68/68 MP: 34/36
 24012 | Lair:6   | Learned a level 6 spell: Freezing Cloud
 24190 | Lair:6   | Reached skill level 1 in Ice Magic
 24340 | Lair:6   | Found a burning altar of Makhleb.
 24363 | Lair:6   | Found a gateway to Hell.
 24439 | Lair:6   | Engulfed by a cloud of freezing vapour

Vault maps used:
D:1:      mrwooster_arrival_statue_3
D:2:      nicolae_qazlal_general_emergency, serial_corexii_hall,
          corexii_hall_statues_i, corexii_hall_statues_i,
          corexii_hall_statues_deadend
D:3:      nicolae_overflow_hidden_temple, uniq_crazy_yiuf_cottage
D:5:      lemuel_doored_altar, chequers_temple_overflow_statue_of_worship,
          temple_hall_moat, first_bread, lemuel_another_geyser
D:6:      kennysheep_mini_moat, bloody_makhleb, basic_altar, uniq_sigmund
D:7:      evilmike_ruin_ashenzari, nicolae_ossuary_entry_monument,
          grunt_livestock, solitary_fountain
D:8:      lemuel_round_altar
D:10:     erik_lair_orcish_takeover, serial_shops, shop_fountains,
          nicolae_shop_behind_doors, shop
D:11:     uniq_gastronok
Lair:1:   grunt_megastairs_1, uniq_harold
Lair:3:   minmay_swamp_entry_reptiles, guppyfry_snake_entry_garden, pond,
          infiniplex_staircase_pool, grunt_megastairs_3
Lair:4:   infiniplex_staircase_pool_2
Lair:5:   uniq_josephine, uniq_rupert
Lair:6:   evil_forest, slime_altar_1
Ossuary:  ossuary_tomb_2

Skill      XL: |  1  2  3  4  5  6  7  8  9 10 11 12 13 14 |
---------------+-------------------------------------------+-----
Spellcasting   | 4 5 6 8 10 11 13 14 16 | 16.2
Dodging        | 3 4 5 6 7 8 9 10 11 | 11.3
Fire Magic     | 4 5 6 7 8 10 11 12 13 | 13.8
Conjurations   | 2 3 5 6 8 9 11 12 13 | 13.7
Evocations     | 3 4 6 7 |  7.9
Ice Magic      | 1 |  1.2
Stealth        | |  2.4

Action                   |  1- 3 |  4- 6 |  7- 9 | 10-12 | 13-15 || total
-------------------------+-------+-------+-------+-------+-------++-------
Melee: Short sword       |     4 |       |       |       |       ||     4
       Staff             |       |       |    15 |       |   184 ||   199
 Cast: Flame Tongue      |    71 |   112 |   229 |   533 |   172 ||  1117
       Throw Flame       |     3 |    29 |    60 |   139 |    15 ||   246
       Conjure Flame     |       |     4 |     6 |    19 |     1 ||    30
       Fireball          |       |       |     4 |    54 |   100 ||   158
       Sandblast         |       |       |     5 |    10 |     1 ||    16
       Freezing Cloud    |       |       |       |       |    13 ||    13
Evoke: Wand              |       |       |       |     2 |     1 ||     3
  Use: Scroll            |       |    14 |     6 |    11 |     9 ||    40
       Potion            |       |     1 |       |     6 |     2 ||     9
  Eat: Chunk             |     1 |    11 |    15 |    24 |    15 ||    66
       Fruit             |       |       |       |     4 |     3 ||     7
Armor: Robe              |     2 |     3 |    28 |    47 |    23 ||   103
Dodge: Dodged            |    23 |    28 |   114 |   183 |    79 ||   427
